Unix NetHack Version 5.0.0-0 post-release - last build May  3 2026 23:40:34 (9823c992c0763bbd039eca2974112f46eaf799b3,branch:main).

Game began 2026-05-04 12:34:44, ended 2026-05-04 12:58:43.

1212459919, chaotic male elven Priest

                                                                      --------
                                                              ########...(...|
                                             -------------#####       |......|
                                         ####.........<..|#          #.......|
                                             |...........|#          #|......|
                                             |...........|#          #|......|
                                             ---|---------#          #--------
                                  ###       ###############          #
                                   ##############         #          #
                     u            ###### ##               #          #
                     @########   ##     -.-------#        #          #
                             ######     ........|######## #          ##
                                        |.......|     #-.-.-----------#
                                        |........######|.............|#
                                        ---------      |.............|#
                                                       |.............|#
                                                       |..............#
                                                       ---------------

1212459919 the Acolyte       St:12 Dx:14 Co:14 In:9 Wi:17 Ch:11  Chaotic
Dlvl:5  $:0  HP:0(24) Pw:25(25) AC:7  Xp:3 T:1530 

Latest messages:
 This door is locked.
 This door is locked.
 This door is locked.
 This door is locked.
 The door opens.
 You see here 19 gold pieces.
 $ - 19 gold pieces (78 in total).
 Really step into that hole? [yn] (n) n
 You descend the stairs.
 You miss the leprechaun.
 You miss the leprechaun.
 You hit the leprechaun!
 The leprechaun wakes up!
 The leprechaun screams!
 The leprechaun hits!
 Your purse feels lighter.
 The leprechaun vanishes!
 Drink from the fountain? [yn] (n) y
 This water gives you bad breath!
 The fountain dries up!
 The door resists!
 The door opens.
 You see here a large box.
 You kill the goblin!
 The leprechaun hits!
 Your purse feels lighter.
 The leprechaun vanishes!
 The pony kicks!
 The pony bites!
 You hit the pony!
 The pony kicks!
 The pony just misses!
 You feel tough!
 You must have been leading a healthy life-style.
 You miss the pony.
 The pony kicks!
 The pony bites!
 You miss the pony.
 The pony kicks!
 The pony just misses!
 The pony kicks!
 The pony bites!
 You miss the pony.
 The pony kicks!
 You die...
 Do you want your possessions identified? [ynq] (y) y
 Do you want to see your attributes? [ynq] (y) y
 Do you want an account of creatures vanquished? [ynaq] (y) y
 Do you want to see your conduct and achievements? [ynq] (y) y
 Do you want to see the dungeon overview? [ynq] (y) y

Inventory:
 Amulets  ('"')
  l - an amulet of ESP
 Weapons  (')')
  a - a blessed +1 mace (weapon in left hand)
 Armor    ('[')
  c - a +0 small shield (being worn)
  b - a +0 robe (being worn)
 Comestibles  ('%')
  e - a partly eaten clove of garlic
  m - a food ration
  o - a tripe ration
 Scrolls  ('?')
  n - a blessed scroll of food detection
 Spellbooks  ('+')
  h - a spellbook of detect unseen
  g - a spellbook of light
 Potions  ('!')
  d - 4 potions of holy water
 Rings    ('=')
  k - a ring of levitation
 Tools    ('(')
  j - a bugle
  i - an oil lamp

1212459919 the Priest's attributes:

Background:
 You were an Acolyte, a level 3 elven Priest.
 You were chaotic, nominally on a mission for Manannan Mac Lir
 who was opposed by Lugh (lawful) and Brigit (neutral).
 You were left-handed.
 You were in the Dungeons of Doom, on level 5.
 You entered the dungeon 1530 turns ago.
 There was a full moon in effect when your adventure ended.
 You had 53 experience points, 27 more were needed to attain level 4.

Basics:
 You had 0 out of 24 hit points.
 You had all 25 energy points (spell power).
 Your armor class was 7.
 Your wallet was empty.
 Autopickup was off.

Final Characteristics:
 Your strength was 12 (limit:18).
 Your dexterity was 14 (limit:18).
 Your constitution was 14 (limit:16).
 Your intelligence was 9 (limit:20).
 Your wisdom was 17 (limit:20).
 Your charisma was 11 (limit:18).

Final Status:
 You weren't hungry.
 You were unencumbered.
 You were wielding a mace.
 You had basic skill with mace.

Final Attributes:
 You were devoutly aligned.
 You had infravision.
 You were guarded.
 Your spell casting was enhanced by wearing a robe.
 You were lucky.
 You are dead.

Miscellaneous:
 You didn't encounter any bones levels.
 Total elapsed playing time was 23 minutes and 55 seconds.

Major events:
 Turn
    1: 1212459919 the chaotic elven Priest entered the dungeon
  836: entered the Gnomish Mines
 1098: attained the rank of Acolyte (level 3)
 1530: killed by a pony

Spells:
 Name                 Level Category     Fail Retention
 light                  1   clerical       0%  91%-100%
 detect unseen          3   divination    84%  76%-100%

Skills:
 Fighting Skills
   bare handed combat [Unskilled]
 Weapon Skills
   club               [Unskilled]
   mace               [Basic]
   morning star       [Unskilled]
   flail              [Unskilled]
   hammer             [Unskilled]
   quarterstaff       [Unskilled]
   polearms           [Unskilled]
   spear              [Unskilled]
   trident            [Unskilled]
   lance              [Unskilled]
   bow                [Unskilled]
   sling              [Unskilled]
   crossbow           [Unskilled]
   dart               [Unskilled]
   shuriken           [Unskilled]
   boomerang          [Unskilled]
   unicorn horn       [Unskilled]
 Spellcasting Skills
   healing spells     [Unskilled]
   divination spells  [Unskilled]
   clerical spells    [Basic]

Voluntary challenges:
 Character rerolling was not enabled.
 You followed a strict vegan diet.
 You were an atheist.
 You were illiterate.
 You never genocided any monsters.
 You never polymorphed an object.
 You never changed form.
 You used no wishes.
Achievements:
 You entered a shop.
 You entered the Gnomish Mines.
 You attained the rank of Acolyte.

 The Dungeons of Doom: levels 1 to 5
    Level 1:
       A fountain.
    Level 2:
    Level 3:
       A weapon shop.
       Stairs down to The Gnomish Mines.
    Level 4:
    Level 5: <- You were here.
       Final resting place for
          you, killed by a pony.
 The Gnomish Mines:
    Level 4:


Vanquished creatures:
  a shrieker
  a floating eye
  a dwarf zombie
  a wererat
  a coyote
  2 yellow molds
  a gecko
  3 jackals
  a fox
  a goblin
  a sewer rat
  2 grid bugs
  2 lichens
  a kobold zombie
  a newt
20 creatures vanquished.

No species were genocided or became extinct.

Game over:
                       ----------
                      /          \
                     /    REST    \
                    /      IN      \
                   /     PEACE      \
                  /                  \
                  |    1212459919    |
                  |       0 Au       |
                  | killed by a pony |
                  |                  |
                  |                  |
                  |                  |
                  |       2026       |
                 *|     *  *  *      | *
        _________)/\\_//(\/(/\)/\//\/|_)_______

Goodbye 1212459919 the Priest...

You died in The Dungeons of Doom on dungeon level 5 with 412 points,
and 0 pieces of gold, after 1530 moves.
You were level 3 with a maximum of 24 hit points when you died.

